 Dungeon Crawl Stone Soup version 0.26-a0-651-gb41185065b (webtiles) character file.

Game seed: 13846430555271495652

116 Flugslaktarn the Ruffian (level 4, 0/45 HPs)
             Began as a Troll Fighter on Oct 27, 2020.
             Slain by Grinder (6 damage)
             ... on level 3 of the Dungeon.
             The game lasted 00:00:49 (1186 turns).

Flugslaktarn the Ruffian (Troll Fighter)            Turns: 1186, Time: 00:00:49

Health: 0/45       AC:  6    Str: 24    XL:     4   Next: 69%
Magic:  3/3        EV:  8    Int:  5    God:
Gold:   140        SH:  8    Dex:  9    Spells: 3/3 levels left

rFire    . . .     SeeInvis .     - Unarmed
rCold    + . .     Faith    .   b - +0 kite shield
rNeg     . . .     Spirit   .   a - +0 robe
rPois    .         Reflect  .   (helmet restricted)
rElec    .         Harm     .   (no cloak)
rCorr    .         Rampage  .   (gloves unavailable)
MR       .....                  (boots unavailable)
Stlth    +.........             (no amulet)
HPRegen  0.55/turn              (no ring)
MPRegen  0.08/turn              c - ring of protection from cold

@: no status effects
A: large, unfitting armour, claws 3, regeneration 1, shaggy fur 1, tough skin 3
a: no special abilities


You were on level 3 of the Dungeon.
You visited 1 branch of the dungeon, and saw 3 of its levels.

You collected 140 gold pieces.

Inventory:

Missiles
 i - 7 curare-tipped darts (quivered)
Armour
 a - a +0 robe (worn)
 b - a +0 kite shield (worn)
Jewellery
 c - a ring of protection from cold (right claw)
   (You found it on level 2 of the Dungeon)
Scrolls
 e - a scroll of random uselessness {unknown}
 h - a scroll of enchant weapon {unknown}
 j - a scroll of fear {unknown}
 k - 2 scrolls of remove curse {unknown}
 m - 6 scrolls of identify {unknown}
 o - 3 scrolls of enchant armour {unknown}
 p - 2 scrolls of teleportation {unknown}
 q - a scroll of blinking {unknown}
 r - 2 scrolls of fog {unknown}
 t - a scroll of noise {unknown}
Potions
 d - a potion of might
 f - 3 potions of heal wounds {unknown}
 g - a potion of brilliance {unknown}
 l - a potion of haste {unknown}
 n - a potion of lignification {unknown}
 s - 3 potions of degeneration {unknown}
 u - 2 potions of mutation {unknown}


   Skills:
 + Level 3.2 Fighting
 - Level 2.4 Dodging
 - Level 2.4 Shields
 * Level 4.2 Unarmed Combat


You had 3 spell levels left.
You didn't know any spells.
Your spell library was empty.

Dungeon Overview and Level Annotations

Branches:
Dungeon (3/15)

Altars:

Annotations:
D:3 Grinder


Innate Abilities, Weirdness & Mutations

You are too large for most types of armour.
You have claws for hands.
Your natural rate of healing is unusually fast.
You are covered in fur. (AC +1)
You have extremely tough skin. (AC +3)


Message History

Pain shoots through your body!
You closely miss Grinder.
Grinder is moderately wounded.
Grinder hits you but does no damage.
You claw Grinder!
Grinder is heavily wounded.
Grinder hits you!
* * * LOW HITPOINT WARNING * * *
You writhe in agony.
* * * LOW HITPOINT WARNING * * *
You barely miss Grinder.
Grinder is heavily wounded.
Grinder hits you.
* * * LOW HITPOINT WARNING * * *
You writhe in agony.
* * * LOW HITPOINT WARNING * * *
You barely miss Grinder.
Grinder is heavily wounded.
Grinder hits you.
You die...

# .# ..#
#####..##
........
#####...#.###
#..<.........
......###@..#.##
#.### ##5## .#
.# .. .# ##


You could see Grinder.

Vanquished Creatures
  Jessica (D:2)
  Robin (D:2)
  2 adders (D:2)
  An ooze (D:2)
  2 dart slugs (D:1)
  2 leopard geckos (D:1)
  2 ball pythons (D:1)
  A giant cockroach (D:1)
  10 goblins
  9 hobgoblins
  4 kobolds
  A quokka (D:2)
  5 bats
  9 rats
50 creatures vanquished.

Notes
Turn   | Place    | Note
-------+----------+-------------------------------------------
     0 | D:1      | Flugslaktarn the Troll Fighter began the quest for the Orb.
     0 | D:1      | Reached XP level 1. HP: 22/22 MP: 0/0
    99 | D:1      | Reached XP level 2. HP: 29/29 MP: 1/1
   330 | D:1      | Reached skill level 3 in Unarmed Combat
   359 | D:1      | Reached XP level 3. HP: 34/36 MP: 2/2
   518 | D:2      | Noticed Jessica
   520 | D:2      | Killed Jessica
   642 | D:2      | Reached XP level 4. HP: 45/45 MP: 3/3
   688 | D:2      | Noticed Robin
   717 | D:2      | Killed Robin
   717 | D:2      | Reached skill level 4 in Unarmed Combat
  1163 | D:3      | Noticed Grinder
  1186 | D:3      | Slain by Grinder

Illustrated notes

Levels and vault maps discovered:
D:1:      heliophobic_arrival_enchanted_forest, layout_rooms
D:2:      layout_loops_cross, uniq_jessica, uniq_robin
D:3:      layout_loops_ring, chequers_ecumenical_altar_twisty,
          grunt_decor_arrowhead, uniq_grinder, uniq_ijyb

Skill      XL: |  1  2  3  4 |
---------------+-------------+-----
Unarmed Combat | 3 4 |  4.2
Fighting       | 3 |  3.2
Dodging        | |  2.4
Shields        | |  2.4

Action                   |  1- 3 |  4- 6 || total
-------------------------+-------+-------++-------
Melee: Unarmed           |    57 |    70 ||   127
 Stab: Sleeping          |     1 |     1 ||     2
Armor: Robe              |    15 |    23 ||    38
Dodge: Dodged            |    16 |    16 ||    32
Block: Kite shield       |    19 |    29 ||    48

Table legend: (Time is in decaauts)
 A = Elapsed time spent in this place.
 B = Non-inter-level travel time spent in this place.
 C = Inter-level travel time spent in this place.
 D = Time resting spent in this place.
 E = Time spent auto-exploring this place.
 F = Levels seen in this place.
 G = Mean time per level.
                   A        B        C        D        E       F      G
               +--------+--------+--------+--------+--------+-----+--------+
         Total |   1184 |   1134 |     50 |      0 |    877 |   3 |  394.7 |
       Dungeon |   1184 |   1134 |     50 |      0 |    877 |   3 |  394.7 |
               +--------+--------+--------+--------+--------+-----+--------+

Top non-repeatable levels by time:
     D:2: 643 daAuts
     D:1: 517 daAuts
     D:3: 23 daAuts
